 Dungeon Crawl Stone Soup version 0.30-a0-360-g447f08457e (webtiles) character file.

Game seed: 3922036830133075776

30 arthad the Ducker (level 3, 0/14 HPs)
             Began as a Meteoran Wanderer on Nov 13, 2022.
             Was a Follower of Vehumet.
             Slain by Jessica
             ... wielding a +1 dagger of holy wrath
              (5 damage)
             ... on level 2 of the Dungeon.
             The game lasted 00:02:42 (834 turns).

arthad the Ducker (Meteoran Wanderer)                Turns: 834, Time: 00:02:42

Health: 0/14       AC:  5    Str: 15    XL:     3   Next: 55%
Magic:  6/6        EV: 13    Int: 12    God:    Vehumet [*.....]
Gold:   53         SH:  0    Dex: 15    Spells: 4/5 levels left

rFire   + . .      SeeInvis .    h - +1 short sword (speed)
rCold   . . .      Faith    .    (no shield)
rNeg    . . .      Spirit   .    d - +0 leather armour
rPois   .          Reflect  .    (no helmet)
rElec   .          Harm     .    (no cloak)
rCorr   .          Rampage  .    j - +0 pair of gloves
Will    .....                    b - +0 pair of boots
Stlth   +.........               (no amulet)
HPRegen 0.22/turn                e - ring of protection from fire
MPRegen 0.10/turn                (no ring)

@: mighty, glowing
A: sense surroundings 1, otherworldly, glowing, explore regen
a: Renounce Religion


You were on level 2 of the Dungeon.
You worshipped Vehumet.
Vehumet was aware of your devotion.
You visited 1 branch of the dungeon, and saw 2 of its levels.

You collected 53 gold pieces.

Inventory:

Hand Weapons
 a - a +2 sling
 h - a +1 short sword of speed (weapon)
Armour
 b - a +0 pair of boots (worn)
 d - a +0 leather armour (worn)
 j - a +0 pair of gloves (worn)
Jewellery
 e - a ring of protection from fire (left hand)
 m - a ring of fire
Scrolls
 g - 4 scrolls of identify {unknown}
 i - a scroll of poison {unknown}
 k - a scroll of teleportation {unknown}
Potions
 c - a potion of attraction
 l - 2 potions of curing {unknown}
 n - a potion of berserk rage {unknown}
 o - a potion of degeneration {unknown}


   Skills:
 + Level 1.5 Fighting
 + Level 2.5 Ranged Weapons
 + Level 1.8 Armour
 + Level 4.0 Dodging
 + Level 1.9 Spellcasting
 + Level 2.7 Earth Magic


You had 4 spell levels left.
You knew the following spells:

 Your Spells              Type           Power      Damage    Failure   Level
a - Sandblast             Erth           14%        2d6       11%         1

Your spell library contained the following spells:

 Spells                   Type           Power      Damage    Failure   Level
 Magic Dart               Conj           4%         1d3       34%         1
 Stone Arrow              Conj/Erth      8%         3d7       50%         3


Dungeon Overview and Level Annotations

Branches:
Dungeon (2/15) Zot: 735

Altars:
Vehumet

Annotations:
D:2 Jessica


Innate Abilities, Weirdness & Mutations

You passively map a small area around you.
You are easily found by Zot.
You glow in the dark.
You regain HP and MP as you explore.


Message History

Really walk into that teleport trap?
You enter a teleport trap!
The teleport trap disappears.
Your surroundings suddenly seem different.
Jessica, a rat and a frilled lizard come into view.
Jessica is wielding a +1 dagger of holy wrath.
Found 12 gold pieces.
Casting: Sandblast (safe; 11% risk of failure)
Confirm with . or Enter, or press ? or * to list all spells.
Okay, then.
You shoot a sling bullet. The sling bullet barely misses the rat.
You shoot a sling bullet.
The sling bullet closely misses the rat.
You shoot a sling bullet. The sling bullet hits the rat.
You kill the rat!
Vehumet accepts your kill.
You shoot a sling bullet. The sling bullet hits Jessica.
Jessica is moderately wounded.
Jessica closely misses you.
You shoot a sling bullet.
The sling bullet hits Jessica but does no damage.
Jessica is moderately wounded.
Jessica points at you and mumbles some strange words.
Pain shoots through your body!
The frilled lizard bites you but does no damage.
Jessica hits you but does no damage. The frilled lizard bites you.
You are too injured to fight recklessly!
You are too injured to fight recklessly!
It was a potion of might.
You feel very mighty all of a sudden.
The frilled lizard bites you but does no damage.
Jessica hits you with a +1 dagger of holy wrath.
Your hands tingle!
h - a +1 short sword of speed (weapon)
You are too injured to fight recklessly!
You are too injured to fight recklessly!
You are too injured to fight recklessly!
You barely miss Jessica.
Jessica is moderately wounded.
Jessica hits you with a +1 dagger of holy wrath.
You die...

* * , * ** ,..
*..... * ,..#
.... , ,
...###...., , ,
, ......#.. , #,
* ....... .. *
#.*....###.###
#...#.l......# *
#....@......# *
##.#.@......# ,
* * *
,#......... * ,
.......... , , ,
..........# ,
...........# * ,
,
,,,..........$.#
, .....#########
,


You could see Jessica and a frilled lizard.

Vanquished Creatures
  3 bats (D:1)
  3 endoplasms (D:1)
  2 giant cockroaches (D:1)
  3 goblins (D:1)
  3 hobgoblins (D:1)
  2 jackals (D:1)
  A kobold (D:1)
  A quokka (D:1)
  3 ball pythons (D:1)
  2 frilled lizards (D:1)
  3 rats
26 creatures vanquished.

Notes
Turn   | Place    | Note
-------+----------+-------------------------------------------
     0 | D:1      | arthad the Meteoran Wanderer began the quest for the Orb.
     0 | D:1      | arthad set off with the following items: a +2 sling, a +0
                  | pair of boots, a potion of attraction, a +0 leather armour;
                  | and the following spell memorised: Sandblast; and the
                  | following spells available to memorise: Stone Arrow.
     0 | D:1      | Reached XP level 1. HP: 16/16 MP: 3/3
   144 | D:1      | Reached XP level 2. HP: 23/23 MP: 5/5
   436 | D:1      | Reached XP level 3. HP: 19/28 MP: 6/6
   478 | D:1      | Glimpsed the power of Zot.
   527 | D:1      | Glimpsed the power of Zot.
   566 | D:1      | Glimpsed the power of Zot.
   575 | D:1      | Touched by the power of Zot.
   589 | D:1      | Reached skill level 4 in Dodging
   673 | D:1      | Glimpsed the power of Zot.
   723 | D:1      | Glimpsed the power of Zot.
   763 | D:1      | Glimpsed the power of Zot.
   773 | D:1      | Touched by the power of Zot.
   796 | D:2      | Found a faded altar of an unknown god.
   799 | D:2      | Prayed at the altar of an unknown god.
   799 | D:2      | Became a worshipper of Vehumet
   799 | D:2      | Reached * piety under Vehumet
   799 | D:2      | Offered knowledge of Magic Dart by Vehumet.
   826 | D:2      | Noticed Jessica
   834 | D:2      | Slain by Jessica

Illustrated notes

Levels and vault maps discovered:
D:1:      lightli_arrival_chessboard, layout_loops_corners
D:2:      layout_rooms, nicolae_ecumenical_pavilion, uniq_jessica, uniq_terence,
          uniq_sigmund

Skill      XL: |  1  2  3 |
---------------+----------+-----
Dodging        | 4 |  4.0
Fighting       | |  1.5
Ranged Weapons | |  2.5
Armour         | |  1.8
Spellcasting   | |  1.9
Earth Magic    | |  2.7

Action                   || total
-------------------------++-------
Melee: Short sword       ||     1
 Fire: Sling             ||    99
 Cast: Sandblast         ||     1
  Use: Potion            ||     1
Armor: Leather armour    ||    28
Dodge: Dodged            ||    41

Table legend: (Time is in decaauts)
 A = Elapsed time spent in this place.
 B = Non-inter-level travel time spent in this place.
 C = Inter-level travel time spent in this place.
 D = Time resting spent in this place.
 E = Time spent auto-exploring this place.
 F = Levels seen in this place.
 G = Mean time per level.
                   A        B        C        D        E       F      G
               +--------+--------+--------+--------+--------+-----+--------+
         Total |    864 |    846 |     18 |      0 |    636 |   2 |  432.0 |
       Dungeon |    864 |    846 |     18 |      0 |    636 |   2 |  432.0 |
               +--------+--------+--------+--------+--------+-----+--------+

Top non-repeatable levels by time:
     D:1: 824 daAuts
     D:2: 40 daAuts
